BR (22 & UNDER)
ATLANTIC CITY WAR DOGS @ AMITY GARDENS WESTERNERS
08/29/2029
 
TOP OF THE 1ST
Atlantic City War Dogs batting - Pitching for Amity Gardens Westerners : RHP Raúl Letona
Pitching: RHP Raúl Letona
Batting: LHB Chris Martin 0-0: Foul Ball, location: 2F
0-1: Fly out, F8 (Flyball, 8LM)
Batting: RHB Roberto Díaz 0-0: Ball
1-0: Called Strike
1-1: Ball
2-1: Ball
3-1: Swinging Strike
3-2: Strikes out swinging
Batting: RHB David Gallardo 0-0: Foul Ball, location: 2F
0-1: SINGLE (Groundball, 4MD)
Batting: RHB José Corral 0-0: Ball
1-0: Ball
2-0: Called Strike
2-1: Ball
3-1: Swinging Strike
3-2: Base on Balls
David Gallardo to second
Batting: RHB Ed Vega 0-0: Foul Ball, location: 2F
0-1: Ball
1-1: Ball
2-1: Ball
3-1: Called Strike
3-2: Foul Ball, location: 2F
3-2: Strikes out swinging
Top of the 1st over - 0 runs, 1 hit, 0 errors, 2 left on base; Atlantic City 0 - Amity Gardens 0
BOTTOM OF THE 1ST
Amity Gardens Westerners batting - Pitching for Atlantic City War Dogs : LHP Felipe Medrano
Pitching: LHP Felipe Medrano
Batting: RHB Pat Johnston 0-0: Foul Ball, location: 2F
0-1: Called Strike
0-2: Ball
1-2: Foul Ball, location: 2F
1-2: Ball
2-2: Foul Ball, location: 2F
2-2: Foul Ball, location: 2F
2-2: Ball
3-2: Fly out, F8 (Flyball, 8LD)
Batting: RHB Justin Tomlinson 0-0: Ball
1-0: SINGLE (Groundball, 6MD)
Batting: SHB Chris Barrett 0-0: Called Strike
0-1: SINGLE (Line Drive, 78M)
Justin Tomlinson to second
Batting: RHB Jonathon García 0-0: Swinging Strike
0-1: Ball
1-1: Ball
2-1: Fielders Choice at 2nd, 1-6 (Groundball, P)
Justin Tomlinson to third
Batting: RHB Carlos Dumenigo 0-0: Called Strike
0-1: Ball
1-1: Ball
2-1: Swinging Strike
2-2: Ball
Pickoff Throw by Catcher to First - Out!
Bottom of the 1st over - 0 runs, 2 hits, 0 errors, 1 left on base; Atlantic City 0 - Amity Gardens 0
TOP OF THE 2ND
Atlantic City War Dogs batting - Pitching for Amity Gardens Westerners : RHP Raúl Letona
Batting: SHB Luis Días 0-0: Called Strike
0-1: Ground out 1-3 (Groundball, 13S)
Batting: RHB Mike Clark 0-0: Ball
1-0: Ground out 4-3 (Groundball, 4)
Batting: RHB Roberto García 0-0: Called Strike
0-1: Foul Ball, location: 2F
0-2: Ball
1-2: Foul Ball, location: 2F
1-2: Ball
2-2: Ball
3-2: Foul Ball, location: 2F
3-2: Base on Balls
Batting: RHB Jesús León 0-0: Ball
1-0: Swinging Strike
1-1: Ball
2-1: Ball
3-1: Fly out, F8 (Flyball, 8RD)
Top of the 2nd over - 0 runs, 0 hits, 0 errors, 1 left on base; Atlantic City 0 - Amity Gardens 0
BOTTOM OF THE 2ND
Amity Gardens Westerners batting - Pitching for Atlantic City War Dogs : LHP Felipe Medrano
Batting: RHB Carlos Dumenigo 0-0: Called Strike
0-1: Swinging Strike
0-2: Foul Ball, location: 2F
0-2: Foul Ball, location: 2F
0-2: Foul Ball, location: 2F
0-2: Ball
1-2: Fly out, F9 (Flyball, 9)
Batting: RHB Gustavo Todd 0-0: Ball
1-0: Ball
2-0: Ground out 5-3 (Groundball, 56)
Batting: RHB Alfonso Flores 0-0: Ball
1-0: SINGLE (Flyball, 89M)
Batting: RHB Steve Myers 0-0: Called Strike
0-1: Ball
1-1: Ball
2-1: Ball
3-1: Foul Ball, location: 2F
3-2: Strikes out swinging
Bottom of the 2nd over - 0 runs, 1 hit, 0 errors, 1 left on base; Atlantic City 0 - Amity Gardens 0
TOP OF THE 3RD
Atlantic City War Dogs batting - Pitching for Amity Gardens Westerners : RHP Raúl Letona
Batting: LHB Chris Martin 0-0: Ball
1-0: Foul Ball, location: 2F
1-1: Foul Ball, location: 2F
1-2: Fly out, F6 (Popup, 6MS)
Batting: RHB Roberto Díaz 0-0: Ball
1-0: Called Strike
1-1: Foul Ball, location: 2F
1-2: Ball
2-2: Fly out, F5 (Line Drive, 56)
Batting: RHB David Gallardo 0-0: Ball
1-0: Called Strike
1-1: Ground out 4-3 (Groundball, 34)
Top of the 3rd over - 0 runs, 0 hits, 0 errors, 0 left on base; Atlantic City 0 - Amity Gardens 0
BOTTOM OF THE 3RD
Amity Gardens Westerners batting - Pitching for Atlantic City War Dogs : LHP Felipe Medrano
Batting: RHB Peng Shuai 0-0: Called Strike
0-1: Ball
1-1: Foul Ball, location: 2F
1-2: Ground out 3-1 (Groundball, 34)
Batting: RHB Pat Johnston 0-0: Ball
1-0: Foul Ball, location: 2F
1-1: Ball
2-1: SINGLE (Line Drive, 6MD)
Batting: RHB Justin Tomlinson 0-0: Called Strike
0-1: Swinging Strike
0-2: Ball
1-2: Ball
2-2: Hit by Pitch
Pat Johnston to second
Batting: LHB Jack Mitchell 0-0: Called Strike
0-1: Ball
1-1: Swinging Strike
1-2: Strikes out looking
Batting: RHB Jonathon García 0-0: Ball
1-0: Ball
2-0: SINGLE (Groundball, 4MD)
Pat Johnston to third
Justin Tomlinson to second
Runner from 3rd tries for Home, SAFE, no throw
Batting: RHB Carlos Dumenigo 0-0: Foul Ball, location: 2F
0-1: Foul Ball, location: 2F
0-2: Fielders Choice at 2nd, 6-4 (Groundball, 6)
Bottom of the 3rd over - 1 run, 2 hits, 0 errors, 2 left on base; Atlantic City 0 - Amity Gardens 1
TOP OF THE 4TH
Atlantic City War Dogs batting - Pitching for Amity Gardens Westerners : RHP Raúl Letona
Batting: RHB José Corral 0-0: Called Strike
0-1: Ball
1-1: Ball
2-1: Foul Ball, location: 2F
2-2: Strikes out looking
Batting: RHB Ed Vega 0-0: Ball
1-0: Ball
2-0: Ground out 6-3 (Groundball, 6D)
Batting: SHB Luis Días 0-0: Ball
1-0: Ground out 6-3 (Groundball, 6M)
Top of the 4th over - 0 runs, 0 hits, 0 errors, 0 left on base; Atlantic City 0 - Amity Gardens 1
BOTTOM OF THE 4TH
Amity Gardens Westerners batting - Pitching for Atlantic City War Dogs : LHP Felipe Medrano
Batting: RHB Gustavo Todd 0-0: Ball
1-0: Ball
2-0: Fly out, F9 (Flyball, 9D)
Batting: RHB Alfonso Flores 0-0: Ball
1-0: Called Strike
1-1: SINGLE (Groundball, 4MD)
Batting: RHB Steve Myers 0-0: Ball
1-0: Ball
2-0: Called Strike
2-1: Called Strike
2-2: Ball
Alfonso Flores steals 2nd base
3-2: Base on Balls
Batting: RHB Peng Shuai 0-0: Foul Ball, location: 2F
0-1: Called Strike
0-2: Foul Ball, location: 2F
0-2: Ball
1-2: Foul Ball, location: 2F
1-2: Strikes out swinging
Batting: RHB Pat Johnston 0-0: Ball
1-0: Fly out, F8 (Flyball, 78D)
Bottom of the 4th over - 0 runs, 1 hit, 0 errors, 2 left on base; Atlantic City 0 - Amity Gardens 1
TOP OF THE 5TH
Atlantic City War Dogs batting - Pitching for Amity Gardens Westerners : RHP Raúl Letona
Batting: RHB Mike Clark 0-0: Called Strike
0-1: Fly out, F3 (Line Drive, 34S)
Batting: RHB Roberto García 0-0: Called Strike
0-1: Ball
1-1: Ball
2-1: Fly out, F7 (Flyball, 78S)
Batting: RHB Jesús León 0-0: Ball
1-0: Ground out 5-3 (Groundball, 56)
Top of the 5th over - 0 runs, 0 hits, 0 errors, 0 left on base; Atlantic City 0 - Amity Gardens 1
BOTTOM OF THE 5TH
Amity Gardens Westerners batting - Pitching for Atlantic City War Dogs : LHP Felipe Medrano
Batting: RHB Justin Tomlinson 0-0: DOUBLE (Line Drive, 7LS)
Batting: LHB Jack Mitchell 0-0: Called Strike
0-1: Foul Ball, location: 2F
0-2: Ball
1-2: SINGLE (Flyball, 8LM)
Justin Tomlinson to third
Runner from 3rd tries for Home, SAFE, no throw
Batting: RHB Jonathon García 0-0: Ball
1-0: Ball
2-0: Ball
3-0: Base on Balls
Jack Mitchell to second
Batting: RHB Carlos Dumenigo 0-0: Ball
1-0: Swinging Strike
1-1: Swinging Strike
1-2: Ball
2-2: Ball
3-2: SINGLE (Groundball, 3D)
Jack Mitchell to third
Jonathon García to second
Batting: RHB Gustavo Todd 0-0: Called Strike
0-1: Ball
1-1: Called Strike
1-2: Ball
2-2: DOUBLE (Line Drive, 8LXD)
Jack Mitchell scores
Jonathon García scores
Carlos Dumenigo to third
Batting: RHB Alfonso Flores 0-0: Fly out, F7 (Flyball, 7D)
Runner from 3rd tags up, SCORES, no throw
Gustavo Todd to third
Batting: RHB Steve Myers 0-0: Called Strike
Steal of home, Gustavo Todd is out
0-1: Ball
1-1: Foul Ball, location: 2F
1-2: Strikes out swinging
Bottom of the 5th over - 4 runs, 4 hits, 0 errors, 0 left on base; Atlantic City 0 - Amity Gardens 5
TOP OF THE 6TH
Atlantic City War Dogs batting - Pitching for Amity Gardens Westerners : RHP Raúl Letona
Batting: LHB Chris Martin 0-0: Fly out, F8 (Line Drive, 8RS)
Batting: RHB Roberto Díaz 0-0: Called Strike
0-1: Called Strike
0-2: Strikes out swinging
Batting: RHB David Gallardo 0-0: Ball
1-0: Foul Ball, location: 2F
1-1: Swinging Strike
1-2: Ball
2-2: Strikes out swinging
Top of the 6th over - 0 runs, 0 hits, 0 errors, 0 left on base; Atlantic City 0 - Amity Gardens 5
BOTTOM OF THE 6TH
Amity Gardens Westerners batting - Pitching for Atlantic City War Dogs : LHP Felipe Medrano
Pitching: RHP Juan Ramos
Batting: RHB Peng Shuai 0-0: Called Strike
0-1: Foul Ball, location: 2F
0-2: Strikes out swinging
Batting: RHB Pat Johnston 0-0: Ball
1-0: Called Strike
1-1: Foul Ball, location: 2F
1-2: Strikes out looking
Batting: RHB Justin Tomlinson 0-0: Ball
1-0: Called Strike
1-1: Ball
2-1: Swinging Strike
2-2: Ball
3-2: Base on Balls
Batting: LHB Jack Mitchell 0-0: Ball
1-0: Called Strike
1-1: Ball
2-1: SINGLE (Groundball, 3D)
Justin Tomlinson to second
Runner from 2nd tries for 3rd, SAFE, no throw
Batting: RHB Jonathon García 0-0: Called Strike
0-1: Ball
1-1: Ball
2-1: Foul Ball, location: 2F
2-2: Fly out, F9 (Flyball, 9)
Bottom of the 6th over - 0 runs, 1 hit, 0 errors, 2 left on base; Atlantic City 0 - Amity Gardens 5
TOP OF THE 7TH
Atlantic City War Dogs batting - Pitching for Amity Gardens Westerners : RHP Raúl Letona
Batting: RHB José Corral 0-0: Ball
1-0: Fly out, F8 (Flyball, 8LD)
Batting: RHB Ed Vega 0-0: Swinging Strike
0-1: Foul Ball, location: 2F
0-2: Ball
1-2: Ball
2-2: Strikes out swinging
Batting: SHB Luis Días 0-0: Ball
1-0: Foul Ball, location: 2F
1-1: SINGLE (Line Drive, 6)
Batting: RHB Mike Clark 0-0: Fielders Choice at 2nd, 4-6 (Groundball, 4MD)
Top of the 7th over - 0 runs, 1 hit, 0 errors, 1 left on base; Atlantic City 0 - Amity Gardens 5
BOTTOM OF THE 7TH
Amity Gardens Westerners batting - Pitching for Atlantic City War Dogs : RHP Juan Ramos
Batting: RHB Carlos Dumenigo 0-0: Foul Ball, location: 2F
0-1: TRIPLE (Line Drive, 7D)
Batting: RHB Gustavo Todd 0-0: Ball
1-0: Foul Ball, location: 2F
1-1: Ground out 5-3 (Groundball, 56S)
Batting: RHB Alfonso Flores 0-0: Called Strike
0-1: Ground out 6-3 (Groundball, 6)
Batting: RHB Steve Myers 0-0: Ball
1-0: Foul Ball, location: 2F
1-1: Ball
2-1: Ball
3-1: Base on Balls
Batting: RHB Peng Shuai 0-0: Ground out 5-3 (Groundball, 56S)
Bottom of the 7th over - 0 runs, 1 hit, 0 errors, 2 left on base; Atlantic City 0 - Amity Gardens 5
TOP OF THE 8TH
Atlantic City War Dogs batting - Pitching for Amity Gardens Westerners : RHP Raúl Letona
Now in LF: William Ewing
Now in RF: Josh Bergman
Batting: RHB Roberto García 0-0: Swinging Strike
0-1: Foul Ball, location: 2F
0-2: Ball
1-2: Ground out 6-3 (Groundball, 6)
Batting: RHB Jesús León 0-0: Ball
1-0: Ball
2-0: SINGLE (Line Drive, 9S)
Batting: LHB Chris Martin 0-0: Swinging Strike
0-1: Called Strike
0-2: Strikes out swinging
Batting: RHB Roberto Díaz 0-0: Foul Ball, location: 2F
0-1: Fielders Choice at 2nd, 6-4 (Groundball, 6)
Top of the 8th over - 0 runs, 1 hit, 0 errors, 1 left on base; Atlantic City 0 - Amity Gardens 5
BOTTOM OF THE 8TH
Amity Gardens Westerners batting - Pitching for Atlantic City War Dogs : RHP Juan Ramos
Batting: RHB Pat Johnston 0-0: Ball
1-0: Ball
2-0: Foul Ball, location: 2F
2-1: Ball
3-1: Foul Ball, location: 2F
3-2: SINGLE (Groundball, 34D)
Batting: RHB Justin Tomlinson 0-0: Fly out, F8 (Flyball, 8RM)
Batting: LHB Jack Mitchell 0-0: Ball
1-0: Ball
2-0: Called Strike
2-1: Swinging Strike
2-2: Strikes out swinging
Batting: RHB Jonathon García 0-0: Ball
1-0: Ball
2-0: Ball
3-0: Base on Balls
Pat Johnston to second
Batting: RHB Carlos Dumenigo 0-0: Foul Ball, location: 2F
0-1: Fly out, F3 (Popup, 3SF)
Bottom of the 8th over - 0 runs, 1 hit, 0 errors, 2 left on base; Atlantic City 0 - Amity Gardens 5
TOP OF THE 9TH
Atlantic City War Dogs batting - Pitching for Amity Gardens Westerners : RHP Raúl Letona
Batting: RHB David Gallardo 0-0: Called Strike
0-1: Ball
1-1: Ball
2-1: Foul Ball, location: 2F
2-2: Fly out, F3 (Popup, 3DF)
Batting: RHB José Corral 0-0: Swinging Strike
0-1: Foul Ball, location: 2F
0-2: Foul Ball, location: 2F
0-2: Ball
1-2: Foul Ball, location: 2F
1-2: Foul Ball, location: 2F
1-2: Fly out, F8 (Flyball, 8RM)
Batting: RHB Ed Vega 0-0: Ball
1-0: Ball
2-0: Called Strike
2-1: Fly out, F3 (Popup, 3SF)
Top of the 9th over - 0 runs, 0 hits, 0 errors, 0 left on base; Atlantic City 0 - Amity Gardens 5
Saturday, December 16th, 2017 - OOTP Baseball 18.8 Build 76